 Dungeon Crawl Stone Soup version 0.27-a0-1193-g8631133539 (webtiles) character file.

Game seed: 5439805938946237043

490 ZappyNine the Sneak (level 7, 0/43 HPs)
             Began as a Kobold Brigand on May 25, 2021.
             Was an Initiate of Dithmenos.
             Slain by an orc wizard
             ... wielding a +1 dagger of venom
              (1 damage)
             ... on level 6 of the Dungeon.
             The game lasted 00:05:40 (5079 turns).

ZappyNine the Sneak (Kobold Brigand)                Turns: 5079, Time: 00:05:41

Health: 0/43       AC:  4    Str:  6 (9)  XL:     7   Next: 37%
Magic:  7/7        EV: 19    Int: 11 (12) God:    Dithmenos [......]
Gold:   211        SH:  0    Dex: 15 (18) Spells: 6/6 levels left

rFire    . . .     SeeInvis .   a - +2 dagger
rCold    . . .     Faith    .   (shield restricted)
rNeg     . . .     Spirit   .   b - +0 robe
rPois    .         Reflect  .   (no helmet)
rElec    .         Harm     .   c - +0 cloak
rCorr    .         Rampage  .   (no gloves)
Will     .....                  s - +0 pair of boots
Stlth    ++........             (no amulet)
HPRegen  0.14/turn              k - +4 ring of evasion
MPRegen  0.10/turn              (no ring)

@: confused, brilliant, lethally poisoned (0 -> -1), attractive, flying
A: small, no large weapons, nightstalker 3
a: Renounce Religion


You were on level 6 of the Dungeon.
You worshipped Dithmenos.
Dithmenos was noncommittal.
You visited 1 branch of the dungeon, and saw 6 of its levels.

You collected 211 gold pieces.

Inventory:

Hand Weapons
 a - a +2 dagger (weapon)
Missiles
 d - 23 poisoned darts (quivered)
Armour
 b - a +0 robe (worn)
 c - a +0 cloak (worn)
 s - a +0 pair of boots (worn)
Jewellery
 k - a +4 ring of evasion (left hand)
Scrolls
 f - 2 scrolls of fear {unknown}
 g - 2 scrolls of teleportation {unknown}
 h - a scroll of amnesia {unknown}
 j - a scroll of magic mapping {unknown}
 l - 3 scrolls of identify {unknown}
 m - a scroll of noise {unknown}
 r - a scroll of blinking {unknown}
 u - a scroll of vulnerability {unknown}
 w - a scroll of fog {unknown}
Potions
 t - 2 potions of flight


   Skills:
 - Level 4.0 Fighting
 - Level 4.9 Short Blades
 - Level 4.0 Throwing
 - Level 3.8 Dodging
 + Level 7.3 Stealth


You had 6 spell levels left.
You didn't know any spells.
Your spell library contained the following spells:

 Spells                   Type           Power      Damage    Failure   Level
 Magic Dart               Conj           0%         1d3       34%         1
 Blink                    Tloc           N/A        N/A       47%         2
 Call Imp                 Summ           0%         N/A       47%         2
 Slow                     Hex            0%         N/A       47%         2
 Confusing Touch          Hex            0%         N/A       71%         3
 Conjure Flame            Conj/Fire      0%         6-21      71%         3
 Gell's Gravitas          Tloc           0%         N/A       71%         3
 Mephitic Cloud           Conj/Pois/Air  0%         N/A       71%         3
 Petrify                  Tmut/Erth      0%         N/A       98%         4
 Metabolic Englaciation   Hex/Ice        0%         N/A       100%        5
 Yara's Violent Unravell  Hex/Tmut       0%         3d3       100%        5


Dungeon Overview and Level Annotations

Branches:
Dungeon (6/15)
 Temple: D:4-7

Altars:
Dithmenos
Fedhas
Hepliaklqana
Makhleb
Qazlal


Innate Abilities, Weirdness & Mutations

You are small and have problems with some larger weapons.
You are completely attuned to the shadows.


Message History

Unknown command.
Throw: dart (curare)
Press: ? - help, Q - select action, (/) - cycle Shift-Dir - straight line, f - orc
Aim: an orc, wielding a +0 club (65% to hit)
You throw a curare-tipped dart. The curare-tipped dart hits the orc.
The orc is poisoned.
The orc convulses.
You kill the orc!
Dithmenos accepts your kill.
Unknown command.
You hit something. Something hits you.
* * * LOW HITPOINT WARNING * * *
You are poisoned.
You closely miss something.
You feel sick. Something completely misses you.
Unknown command.
You miss something.
You feel sick.
You hear some strange, mumbled words.
You are confused.
Unknown command.
Unknown command.
It was a potion of flight.
You feel very buoyant.
You fly up into the air.
You feel sick. Something hits you.
* * * LOW HITPOINT WARNING * * *
It was a potion of brilliance.
You feel clever all of a sudden.
You feel sick.
You hear some strange, mumbled words.
A puff of flame appears from out of thin air!
The puff of flame misses you.
It was a potion of degeneration.
There was something very wrong with that liquid.
You feel weakened.
You feel dopey.
You feel clumsy.
You feel sick. Something hits you.
* * * LOW HITPOINT WARNING * * *
It was a potion of attraction.
You feel attractive to monsters.
* * * LOW HITPOINT WARNING * * *
You feel sick. Something hits you.
You die...

.....+
!....#
....o#####
....)+ ..#
.....###.#
...o.l.#@#
.....#.#{#
.....#.#.#
.....#..(#
....#####


There were no monsters in sight!

Vanquished Creatures
  A centaur (D:5)
  A phantom (D:4)
  A scorpion (D:5)
  2 hounds
  A centaur skeleton (D:4)
  Jessica (D:2)
  An iguana (D:6)
  4 adders
  A white imp (D:5)
  An adder skeleton (D:4)
  2 worms
  3 dart slugs
  8 orcs
  6 ball pythons
  2 bats
  3 endoplasms
  6 giant cockroaches
  4 goblins
  5 hobgoblins
  7 jackals
  A frilled lizard (D:2)
  8 kobolds
  4 rats
73 creatures vanquished.

Vanquished Creatures (others)
  A plant (D:5)
1 creature vanquished.

Grand Total: 74 creatures vanquished

Notes
Turn   | Place    | Note
-------+----------+-------------------------------------------
     0 | D:1      | ZappyNine the Kobold Brigand began the quest for the Orb.
     0 | D:1      | Reached XP level 1. HP: 12/12 MP: 1/1
   211 | D:1      | Reached XP level 2. HP: 14/18 MP: 2/2
   933 | D:2      | Noticed Jessica
   936 | D:2      | Killed Jessica
   937 | D:2      | Reached XP level 3. HP: 22/22 MP: 3/3
   966 | D:2      | Reached XP level 4. HP: 25/27 MP: 4/4
  1377 | D:2      | Reached skill level 6 in Stealth
  1377 | D:2      | Reached XP level 5. HP: 32/32 MP: 5/5
  1537 | D:2      | Found a faded altar of an unknown god.
  1667 | D:3      | Found a hazy altar of Hepliaklqana.
  1683 | D:3      | Noticed a water elemental
  1684 | D:3      | Found a stormy altar of Qazlal.
  2331 | D:3      | Noticed a fire elemental
  2357 | D:3      | Noticed an air elemental
  3279 | D:4      | Found a burning altar of Makhleb.
  3370 | D:4      | Found a shadowy altar of Dithmenos.
  3394 | D:4      | Reached XP level 6. HP: 37/37 MP: 6/6
  3406 | D:4      | Became a worshipper of Dithmenos the Shadowed
  4566 | D:5      | Entered Level 5 of the Dungeon
  4601 | D:5      | Found a blossoming altar of Fedhas.
  4663 | D:5      | Reached XP level 7. HP: 10/43 MP: 7/7
  5023 | D:6      | Reached skill level 7 in Stealth
  5078 | D:6      | HP: 2/43 [something (3)]
  5079 | D:6      | Slain by an orc wizard

Illustrated notes

Levels and vault maps discovered:
D:1:      roderic_crop_circles_arrival_small, layout_basic
D:2:      layout_rooms, shapermc_ecumenical_altar_mp_ritualfount, uniq_jessica
D:3:      layout_loops_ring, lemuel_crystal_altar,
          nicolae_qazlal_style_of_elements, kennysheep_generic_room_4
D:4:      layout_layer_cave, old_standard_altar, kennysheep_mini_moat,
          minivault_27
D:5:      layout_gridville, trog_antimagical, fedhas_altar_3, serial_shops,
          nicolae_shop_overgrown_old_shop, uniq_pikel
D:6:      layout_basic, jmf_multi_god_temple, serial_shops, shop

Skill      XL: |  1  2  3  4  5  6  7 |
---------------+----------------------+-----
Short Blades   | 3 4 |  4.9
Dodging        | 2 3 |  3.8
Throwing       | 3 4 |  4.0
Fighting       | 3 4 |  4.0
Stealth        | 6 7 |  7.3

Action                   |  1- 3 |  4- 6 |  7- 9 || total
-------------------------+-------+-------+-------++-------
Melee: Dagger            |    37 |   262 |    82 ||   381
Throw: Dart              |       |     4 |     2 ||     6
  Use: Potion            |       |       |     7 ||     7
 Stab: Sleeping          |    12 |    21 |       ||    33
Armor: Robe              |     5 |    29 |       ||    34
       Skin              |       |       |    25 ||    25
Dodge: Dodged            |    22 |   228 |    35 ||   285

Table legend: (Time is in decaauts)
 A = Elapsed time spent in this place.
 B = Non-inter-level travel time spent in this place.
 C = Inter-level travel time spent in this place.
 D = Time resting spent in this place.
 E = Time spent auto-exploring this place.
 F = Levels seen in this place.
 G = Mean time per level.
                   A        B        C        D        E       F      G
               +--------+--------+--------+--------+--------+-----+--------+
         Total |   4998 |   4872 |    126 |    845 |   3374 |   6 |  833.0 |
       Dungeon |   4998 |   4872 |    126 |    845 |   3374 |   6 |  833.0 |
               +--------+--------+--------+--------+--------+-----+--------+

Top non-repeatable levels by time:
     D:4: 1499 daAuts
     D:3: 1235 daAuts
     D:1: 928 daAuts
     D:2: 847 daAuts
     D:5: 424 daAuts
     D:6: 64 daAuts
